 Dungeon Crawl Stone Soup version 0.30-b1-2-g02819fbbbe (webtiles) character file.

Game seed: 3098888496417873570

123505 emikaela the Severer (level 16, -3/98 (114) HPs)
             Began as a Demonspawn Chaos Knight on May 18, 2023.
             Was a Plaything of Xom.
             Slain by an alligator snapping turtle (36 damage)
             ... on level 3 of the Shoals on May 19, 2023.
             The game lasted 02:41:06 (35414 turns).

emikaela the Severer (Demonspawn Chaos Knight)     Turns: 35414, Time: 02:41:06

HP:   -3/98 (114)   AC: 11    Str: 21 (22) XL:     16   Next: 37%
MP:   19/19         EV: 24    Int: 13 (14) God:    Xom [...*..]
Gold: 1882          SH: 20    Dex: 25 (26) Spells: 14/19 levels left

rFire   + . .        w - +9 war axe (flame)
rCold   . . .        I - +1 kite shield {rF+}
rNeg    . . .        S - +2 leather armour of Gluttony {Str+3 Stlth+}
rPois   .            (helmet restricted)
rElec   +            (no cloak)
rCorr   +            y - +2 pair of gloves
SInv    .            e - +2 pair of boots {Stlth+}
Will    ++++.        N - amulet of reflection
Stlth   ++++++       o - +5 ring of evasion
HPRegen 1.16/turn    M - ring "Fawepor" {rElec Will+++ rCorr Int-2 Dex+6}
MPRegen 0.16/turn

%: reflection
@: heavily drained
A: antennae 2, demonic guardian 3, sturdy frame 2, demonic magic 1, camouflage
1, agile 2, clever 1, deterioration 1, frail 1, sense surroundings 2,
regeneration 1, strong 1, MP-powered wands, noise suppression
a: Renounce Religion


You were on level 3 of the Shoals.
You worshipped Xom.
You were a favourite toy of Xom.
You visited 5 branches of the dungeon, and saw 26 of its levels.
You also visited: Sewer and Ice Cave.

You collected 3185 gold pieces.
You spent 1303 gold pieces at shops.

Inventory:

Hand Weapons
 w - a +9 war axe of flaming (weapon)
Missiles
 j - 15 javelins (quivered)
 k - 57 poisoned darts
 n - 19 throwing nets {!f}
 z - 6 silver javelins
 J - a curare-tipped dart {!f}
 V - 11 atropa-tipped darts
Armour
 e - a +2 pair of boots of stealth (worn)
 y - a +2 pair of gloves (worn)
 I - a +1 kite shield of fire resistance (worn)
 S - the +2 leather armour of Gluttony (worn) {Str+3 Stlth+}
   (You found it on level 2 of the Lair of Beasts)

   Str:       It affects your strength (+3).
   Stlth:     It makes you more stealthy.
Jewellery
 o - a +5 ring of evasion (left hand)
 L - a ring of see invisible
 M - the ring "Fawepor" (right hand) {rElec Will+++ rCorr Int-2 Dex+6}
   (You bought it in a shop on level 2 of the Orcish Mines)

   [ring of dexterity]

   Int:       It affects your intelligence (-2).
   Dex:       It affects your dexterity (+6).
   rElec:     It insulates you from electricity.
   rCorr:     It protects you from acid and corrosion.
   Will:      It greatly increases your willpower.
 N - an amulet of reflection (around neck)
 Q - the ring "Ygromeff" {Fire rPois Stlth+}
   (You bought it in a shop on level 1 of the Orcish Mines)

   [ring of fire]

   It enhances your fire magic.
   rF:        It protects you from fire.
   rC:        It makes you vulnerable to cold.
   rPois:     It protects you from poison.
   Stlth:     It makes you more stealthy.
Wands
 q - a wand of mindburst (16)
 A - a wand of acid (15)
 B - a wand of iceblast (19)
 F - a wand of flame (11)
 G - a wand of digging (3)
 P - a wand of paralysis (10)
Scrolls
 f - 7 scrolls of fear
 g - 5 scrolls of fog
 i - a scroll of identify
 l - 2 scrolls of blinking
 m - 2 scrolls of magic mapping
 p - 6 scrolls of teleportation
 u - a scroll of summoning
 v - a scroll of silence {!r}
 E - 4 scrolls of amnesia
 R - 5 scrolls of enchant armour
 T - a scroll of torment {!r}
Potions
 a - 2 potions of might
 b - 3 potions of cancellation
 d - a potion of mutation {!q}
 h - 2 potions of invisibility
 r - 5 potions of heal wounds
 t - 3 potions of resistance
 x - 13 potions of flight
 C - 4 potions of brilliance
 D - 11 potions of curing
 H - 2 potions of berserk rage {!q}
 K - 5 potions of ambrosia
 U - a potion of lignification {!q}
 Y - 2 potions of haste
 Z - 2 potions of magic
Miscellaneous
 c - a piece from Xom's chessboard (15/15)
 s - a tin of tremorstones (2/2)
 O - a phantom mirror
 W - a phial of floods
 X - a box of beasts


   Skills:
 - Level 12.0 Fighting
 + Level 17.9 Axes
 - Level 3.0 Armour
 - Level 9.0 Dodging
 - Level 3.0 Stealth
 + Level 11.3 Shields
 - Level 2.0 Spellcasting
 - Level 6.0 Translocations
 + Level 10.3 Evocations


You had 14 spell levels left.
You knew the following spells:

 Your Spells              Type           Power      Damage    Failure   Level
b - Lesser Beckoning      Tloc           32%        N/A       5%          2
l - Blink                 Tloc           32%        N/A       5%          2
p - Apportation           Tloc           32%        N/A       3%          1

Your spell library contained the following spells:

 Spells                   Type           Power      Damage    Failure   Level
 Momentum Strike          Conj/Tloc      18%        3d8       19%         2
 Vhi's Electric Charge    Tloc/Air       18%        N/A       36%         3
 Volatile Blastmotes      Fire/Tloc      18%        2d11      36%         3
 Passage of Golubria      Tloc           16%        N/A       36%         4
 Sandblast                Erth           2%         2d4       41%         1
 Sting                    Tmut/Pois      4%         1d3       41%         1
 Ensorcelled Hibernation  Hex/Ice        2%         N/A       54%         2
 Passwall                 Tmut/Erth      0%         N/A       54%         2
 Poisonous Vapours        Pois/Air       2%         N/A       54%         2
 Iskenderun's Mystic Bla  Conj/Tloc      9%         2d4       77%         4
 Dazzling Flash           Conj/Hex       2%         N/A       78%         3
 Spider Form              Tmut/Pois      1%         N/A       78%         3
 Stone Arrow              Conj/Erth      2%         3d7       78%         3
 Anguish                  Hex/Necr       0%         N/A       99%         4
 Cause Fear               Hex            0%         N/A       99%         4
 Olgreb's Toxic Radiance  Pois           1%         N/A       99%         4
 Summon Ice Beast         Ice/Summ       1%         N/A       99%         4
 Alistair's Intoxication  Tmut/Pois      0%         N/A       100%        5
 Arcjolt                  Conj/Air       0%         1d10      100%        5
 Silence                  Hex/Air        0%         N/A       100%        5
 Summon Mana Viper        Hex/Summ       1%         N/A       100%        5
 Starburst                Conj/Fire      0%         6d3       100%        6
 Dragon Form              Tmut           0%         N/A       100%        7
 Monstrous Menagerie      Summ           0%         N/A       100%        7
 Lehudib's Crystal Spear  Conj/Erth      0%         10d2      100%        8
 Maxwell's Capacitive Co  Air            0%         ∞         100%        8
 Dragon's Call            Summ           0%         N/A       100%        9


Dungeon Overview and Level Annotations

Branches:
Dungeon (15/15)            Temple (1/1) D:4            Lair (5/5) D:11
 Shoals (3/4) Lair:3       Spider (0/4) Lair:2        Slime (0/5) Lair:4
    Orc (2/2) D:10            Elf (0/3) Orc:2        Vaults (0/5) D:14
 Depths (0/4) D:15          Sewer (visited)           IceCv (visited)

Altars:
Ashenzari
Cheibriados
Dithmenos
Fedhas
Gozag
Hepliaklqana
Kikubaaqudgha
Makhleb
Nemelex Xobeh
Okawaru
Qazlal
Ru
Sif Muna
Trog
Uskayaw
Vehumet
Wu Jian
Xom
Yredelemnul
Jiyva

Shops:
D:4 [[((   D:11 =   D:14 *   D:15 (   Orc:1 *   Orc:2 =[:=*

Annotations:
D:4 Blork the orc
D:7 1 runed translucent door, Crazy Yiuf
D:9 exclusion: troll, Joseph
D:14 Agnes
Lair:1 exclusions: electric eel and salamander
Shoals:3 2 transporters, exclusion: orange crystal statue
Orc:1 exclusion: orc sorcerer


Innate Abilities, Weirdness & Mutations

You have a pair of antennae on your head.
A powerful demonic guardian rushes to your aid.
Your movements are less encumbered by armour. (ER -4)
Spells you cast may paralyse adjacent enemies.
Your skin changes colour to match your surroundings (Stealth+).
You are very agile. (Dex +8, Str/Int -2)
Your mind is acute. (Int +4, Str/Dex -1)
Your body sometimes deteriorates upon taking damage.
You are frail. (-10% HP)
You passively map the area around you.
Your natural rate of healing is unusually fast.
Your muscles are strong. (Str +4, Int/Dex -1)
You expend magic power (3 MP) to strengthen your wands.
You passively dampen the noise of your surroundings.


Message History

You slash the alligator snapping turtle!
You burn the alligator snapping turtle.
The alligator snapping turtle is lightly wounded.
The alligator snapping turtle misses you.
You hit the alligator snapping turtle. You burn the alligator snapping turtle.
The alligator snapping turtle is lightly wounded.
The alligator snapping turtle closely misses you.
You slice the alligator snapping turtle!!
You burn the alligator snapping turtle!
The alligator snapping turtle is moderately wounded.
You hit the alligator snapping turtle. You burn the alligator snapping turtle.
The alligator snapping turtle is heavily wounded.
Splash!
You fall into the shallow water.
Moving in this stuff is going to be slow.
You block the alligator snapping turtle's attack.
Your unstable footing causes you to fumble your attack.
You hit the alligator snapping turtle. You burn the alligator snapping turtle.
The alligator snapping turtle is heavily wounded.
The alligator snapping turtle closely misses you.
Your unstable footing causes you to fumble your attack.
The alligator snapping turtle misses you.
You hit the alligator snapping turtle but do no damage.
The alligator snapping turtle is heavily wounded.
You slash the alligator snapping turtle!
You burn the alligator snapping turtle.
The alligator snapping turtle is heavily wounded.
The alligator snapping turtle bites you.
Your unstable footing causes you to fumble your attack.
The alligator snapping turtle bites you!!
You hit the alligator snapping turtle but do no damage.
The alligator snapping turtle is heavily wounded.
Your unstable footing causes you to fumble your attack.
The alligator snapping turtle bites you!
Your unstable footing causes you to fumble your attack.
The alligator snapping turtle bites you!!
You are too injured to fight recklessly!
You are too injured to fight recklessly!
The alligator snapping turtle bites you from afar!!!
You die...

###+###'##########≈≈~~~~~.., ,,,
.....#.......#...#≈≈~~~~~..
.....#.......#...#~~~≈≈~~.. ,,,
.....#.......#...#~~≈≈~~~.., ,
.....#.......'...#~~≈≈≈~... ,
.....'.......#...#~~≈≈≈~..~~
#######'#######'##t~≈≈≈~~~≈ ,,
...~~~~~~~~......~~~≈≈≈~~~≈ , ~
....~...~.......@~~~~≈≈≈≈≈≈≈≈≈
..................~~~≈≈≈≈≈≈≈≈≈≈ ~
..................~~~≈≈≈≈≈≈≈≈≈≈≈
.................~~~~≈≈≈≈≈≈≈≈≈≈≈≈
~...~~~).........~~~~~~≈≈≈≈≈≈≈≈≈≈
....~~~.....~~...~~~~~~~~~≈≈≈≈≈≈≈
~÷....~.....~~~~~~~~.~~~~~~≈≈≈≈≈≈
~~..........~~~~~~~.....~~~≈≈≈≈≈≈
~.......................†~~≈≈≈≈≈≈


You could see an alligator snapping turtle.

Vanquished Creatures
  Frances (Shoals:2)
  Kirke (Shoals:1)
  Ilsuiw (Shoals:2)
  Nessos (Lair:4)
  2 merfolk impalers
  4 hydras
  3 catoblepae
  Erolcha (D:13)
  A boulder beetle (D:15)
  A merfolk aquamancer (Shoals:3)
  A merfolk avatar (Shoals:1)
  A jorogumo (Lair:5)
  5 centaur warriors
  5 two-headed ogres
  A death knight (D:14)
  A satyr (Shoals:2)
  6 death yaks (Lair:5)
  Urug (D:12)
  3 orc high priests (Orc:2)
  Lodul (D:13)
  6 sea snakes
  2 skeletal warriors
  4 skysharks
  A spark wasp zombie (D:15)
  A flayed ghost (D:15)
  A glowing orange brain (D:11)
  A deep elf archer (D:14)
  A phantasmal warrior (D:14)
  15 harpies
  4 deep elf pyromancers (D:14)
  An orc knight (Orc:2)
  2 orc sorcerers
  A tengu skeleton (D:15)
  10 manticores
  5 cyclopes
  2 ugly things (D:12)
  10 fauns (Shoals:1)
  3 merfolk sirens
  5 water nymphs
  8 black mambas
  A torpor snail (Lair:4)
  13 cane toads
  5 komodo dragons
  An unseen horror (D:11)
  An efreet (D:13)
  A rime drake (Lair:3)
  6 yaktaurs
  A yaktaur (shapeshifter) (Lair:4)
  2 freezing wraiths (D:14)
  A tengu conjurer (D:14)
  8 merfolk
  A polar bear (IceCv)
  4 wind drakes
  5 trolls
  A hornet (D:8)
  15 blink frogs
  3 snapping turtles (Shoals:1)
  28 dream sheep
  4 slime creatures (D:12)
  A spriggan (shapeshifter) (D:9)
  A centaur simulacrum (D:15)
  3 shadows
  An ettin skeleton (D:15)
  5 wyverns
  47 yaks
  2 wraiths (D:10)
  3 water elementals
  2 hogs (Shoals:1)
  2 vampire mosquitoes (D:13)
  6 basilisks
  3 steam dragons
  2 wargs
  2 acid dragons
  A swamp worm (Shoals:1)
  A two-headed ogre zombie (D:10)
  8 water moccasins
  15 orc warriors
  A sky beast (D:7)
  3 black bears
  5 ice beasts
  16 wolves
  A boggart (D:14)
  13 ogres
  15 centaurs
  4 phantoms
  16 bullfrogs
  5 kobold brigands
  2 gnoll sergeants (D:9)
  3 scorpions
  8 wights
  3 troll zombies (D:10)
  5 killer bees (D:9)
  5 howler monkeys
  A lava snake (Lair:1)
  13 hounds
  14 orc priests
  Jessica (D:3)
  4 iguanas
  14 orc wizards
  4 ogre zombies (D:10)
  29 gnolls
  11 adders
  3 river rats (Sewer)
  2 ufetubi
  A worm (D:4)
  3 dart slugs
  63 orcs
  7 bats
  9 endoplasms
  9 giant cockroaches
  7 goblins
  8 hobgoblins
  24 jackals
  5 quokkas
  9 ball pythons
  5 frilled lizards
  5 goblin zombies (D:10)
  A hobgoblin skeleton (D:10)
  2 hobgoblin zombies (D:10)
  18 kobolds
  5 orc skeletons (D:10)
  11 orc zombies (D:10)
  9 rats
  2 spectral weapons (Shoals:1)
734 creatures vanquished.

Vanquished Creatures (collateral kills)
  2 merfolk javelineers
  A quicksilver dragon skeleton (D:15)
  A catoblepas (Lair:5)
  A centaur warrior (D:13)
  A merfolk avatar (Shoals:2)
  An alligator snapping turtle (Shoals:3)
  3 boulder beetles
  A tengu warrior (D:14)
  3 skysharks
  3 skeletal warriors
  4 harpies
  A necromancer (D:15)
  3 orc knights (Orc:2)
  A manticore (D:11)
  2 orc sorcerers (Orc:2)
  A faun (Shoals:1)
  A black mamba (Lair:2)
  A cane toad (Lair:5)
  An orange demon (Lair:2)
  An ice devil (Lair:2)
  A komodo dragon (Lair:5)
  A merfolk (Shoals:2)
  A wind drake (Shoals:1)
  A hornet (D:7)
  8 blink frogs
  A water elemental (Shoals:2)
  A wyvern (D:11)
  4 yaks
  A basilisk (D:11)
  An acid dragon (D:11)
  3 water moccasins
  An orc warrior (D:11)
  2 centaurs
  2 bullfrogs (D:11)
  2 gnoll sergeants (D:5)
  2 killer bees (D:9)
  A hound (D:5)
  2 orc priests (D:8)
  2 gnoll boudas (D:5)
  Terence (D:3)
  7 orc wizards
  7 gnolls
  An adder (D:5)
  11 orcs
  2 jackals (D:5)
  A rat (D:3)
100 creatures vanquished.

Vanquished Creatures (others)
  A dancing weapon (D:8)
  2 humans (Shoals:2)
  A centaur (D:9)
  A killer bee (D:9)
  An orc priest (Orc:2)
  An adder (D:5)
  2 bushes
  94 fungi
  150 plants
  A withered plant (D:15)
254 creatures vanquished.

Grand Total: 1088 creatures vanquished

Notes
Turn   | Place    | Note
-------+----------+-------------------------------------------
     0 | D:1      | emikaela the Demonspawn Chaos Knight began the quest for
                  | the Orb.
     0 | D:1      | Reached XP level 1. HP: 18/18 MP: 1/1
    66 | D:1      | Reached skill level 1 in Dodging
   156 | D:1      | Gained mutation: Your movements are slightly less
                  | encumbered by armour. (ER -2) [demonic ancestry]
   156 | D:1      | Reached XP level 2. HP: 24/24 MP: 2/2
   274 | D:1      | XOM: potion effect (berserk rage)
   400 | D:1      | Reached skill level 3 in Axes
   445 | D:1      | Gained mutation: A weak demonic guardian rushes to your
                  | aid. [demonic ancestry]
   445 | D:1      | Reached XP level 3. HP: 26/29 MP: 3/3
  1526 | D:2      | XOM: divination: detect items
  1609 | D:3      | Found an iron altar of Okawaru.
  1623 | D:2      | Reached skill level 1 in Stealth
  1662 | D:3      | Gained mutation: You have a pair of small antennae on your
                  | head. [demonic ancestry]
  1662 | D:3      | Reached XP level 4. HP: 35/35 MP: 4/4
  1872 | D:3      | Noticed Jessica
  2161 | D:2      | XOM: summons 2 hostile shadow creatures
  2228 | D:3      | Noticed Terence
  2240 | D:3      | Killed Terence
  2407 | D:4      | Gained mutation: A demonic guardian rushes to your aid.
                  | [demonic ancestry]
  2407 | D:4      | Reached XP level 5. HP: 42/42 MP: 5/5
  2418 | D:4      | Found a staircase to the Ecumenical Temple.
  2437 | D:4      | XOM: 1-stop teleportation journey
  2488 | D:4      | Found Reisk's Antique Armour Emporium.
  2495 | D:4      | Found Meamof's Weapon Emporium.
  2496 | D:4      | Found Adashono's Armour Emporium.
  2513 | D:4      | Found Mufocen's Weapon Emporium.
  2581 | D:4      | Noticed an ogre
  2599 | D:3      | Killed Jessica
  2733 | D:4      | Reached skill level 1 in Evocations
  2737 | Temple   | Entered the Ecumenical Temple
  3071 | D:4      | Killed an ogre
  3072 | D:4      | Reached XP level 6. HP: 49/49 MP: 6/6
  3281 | D:4      | Noticed Blork the orc
  3350 | D:5      | Entered Level 5 of the Dungeon
  3375 | D:4      | Found a shimmering blue altar of Sif Muna.
  3595 | D:5      | XOM: summons 3 hostile shadow creatures
  3705 | D:4      | XOM: confusion
  3798 | D:5      | XOM: chaos cloud
  3799 | D:5      | Paralysed by you for 4 turns
  3888 | D:4      | Gained mutation: Your movements are less encumbered by
                  | armour. (ER -4) [demonic ancestry]
  3888 | D:4      | Reached XP level 7. HP: 54/55 MP: 7/7
  3895 | D:5      | XOM: 1-stop teleportation journey
  3901 | D:5      | XOM: draining
  3918 | D:4      | XOM: chaos cloud
  3931 | D:4      | XOM: silly message
  4029 | D:5      | XOM: give mutations
  4029 | D:5      | Gained mutation: Armour fits poorly on your strangely
                  | shaped body. [Xom's mischief]
  4029 | D:5      | Gained mutation: You passively map a small area around you.
                  | [Xom's mischief]
  4029 | D:5      | Lost mutation: You passively map a small area around you.
                  | [Xom's mischief]
  4065 | D:5      | Reached skill level 5 in Fighting
  4087 | D:4      | XOM: give mutations
  4087 | D:4      | Gained mutation: Your magical capacity is low. (-10% MP)
                  | [Xom's mischief]
  4087 | D:4      | Gained mutation: You are dopey. (Int -2) [Xom's mischief]
  4173 | D:5      | XOM: 2-stop teleportation journey
  4290 | D:5      | Found a blossoming altar of Fedhas.
  4384 | D:5      | XOM: destruction
  4442 | D:5      | XOM: summons 4 hostile demons
  4640 | D:5      | XOM: god gift: 6 stones
  4685 | D:5      | XOM: confusion
  4826 | D:5      | XOM: 1-stop teleportation journey
  4829 | D:5      | XOM: enchant monster (good)
  4835 | D:5      | XOM: give mutation
  4835 | D:5      | Lost mutation: Your magical capacity is low. (-10% MP)
                  | [Xom's mischief]
  4838 | D:5      | Reached XP level 8. HP: 56/64 MP: 6/8
  4868 | D:5      | XOM: noise
  4915 | D:5      | XOM: give mutations
  4915 | D:5      | Gained mutation: Your spells are a little harder to cast,
                  | but a little more powerful. [Xom's mischief]
  4915 | D:5      | Gained mutation: You passively map a small area around you.
                  | [Xom's mischief]
  4915 | D:5      | Lost mutation: You are dopey. (Int -2) [Xom's mischief]
  5176 | D:5      | XOM: cast spell 'Monstrous Menagerie'
  5212 | D:5      | Reached skill level 5 in Evocations
  5216 | D:5      | Reached skill level 4 in Axes
  5256 | D:5      | XOM: fog
  5424 | D:5      | XOM: enchant monster (bad)
  5548 | D:5      | Found a bloodstained altar of Trog.
  5592 | D:5      | XOM: summons 5 hostile demons
  5927 | D:6      | Reached skill level 5 in Axes
  5931 | D:6      | Found a glowing drain.
  5938 | Sewer    | Entered a sewer
  6156 | Sewer    | XOM: silly message
  6595 | D:6      | XOM: divination: detect creatures
  6599 | D:6      | XOM: potion effect (haste)
  6719 | D:6      | Reached skill level 6 in Axes
  6729 | D:6      | XOM: stat loss: -1 Int (13/14)
  6778 | D:6      | Reached XP level 9. HP: 69/69 MP: 9/9
  6837 | D:6      | XOM: summons 2 hostile shadow creatures
  6934 | D:6      | XOM: 1-stop teleportation journey
  6974 | D:6      | Reached skill level 7 in Axes
  7004 | D:6      | XOM: draining
  7150 | D:6      | XOM: noise
  7223 | D:6      | XOM is BORED!
  7223 | D:6      | XOM: give mutations
  7223 | D:6      | Lost mutation: Your spells are a little harder to cast, but
                  | a little more powerful. [Xom's mischief]
  7223 | D:6      | Lost mutation: You passively map a small area around you.
                  | [Xom's mischief]
  7223 | D:6      | Gained mutation: You are somewhat resistant to further
                  | mutation. [Xom's mischief]
  7720 | D:7      | Learned a level 2 spell: Blink
  7723 | D:7      | Learned a level 2 spell: Lesser Beckoning
  7922 | D:7      | XOM: scenery: 1 doors open, 3 doors close
  7933 | D:7      | Reached skill level 1 in Spellcasting
  7933 | D:7      | Reached skill level 1 in Translocations
  8398 | D:7      | Found a runed translucent door.
  8399 | D:7      | Noticed Crazy Yiuf
  8448 | D:7      | XOM: summons 5 hostile demons
  8501 | D:7      | XOM: silly message
  8515 | D:7      | Reached skill level 8 in Axes
  8520 | D:7      | HP: 5/103 [poisoned by a hornet]
  8809 | D:7      | XOM: chaos upgrade
  8815 | D:7      | XOM: cleaving
  8917 | D:7      | XOM: silly message
  9068 | D:7      | XOM: smoke on damage
  9111 | D:7      | XOM: silly message
  9273 | D:7      | Found a shadowy altar of Dithmenos.
  9444 | D:8      | Found a broken altar of Ashenzari.
  9459 | D:8      | XOM: confuse monster(s)
  9478 | D:8      | XOM: enchant monster (bad)
  9667 | D:8      | XOM: smoke on damage
  9671 | D:8      | Gained mutation: A powerful demonic guardian rushes to your
                  | aid. [demonic ancestry]
  9671 | D:8      | Reached XP level 10. HP: 57/74 MP: 12/12
  9724 | D:8      | XOM: smoke on damage
  9767 | D:8      | XOM: give mutations
  9767 | D:8      | Gained mutation: You are dopey. (Int -2) [Xom's mischief]
  9767 | D:8      | Gained mutation: You occasionally lose the ability to drink
                  | potions when taking damage. [Xom's mischief]
  9946 | D:8      | Found a radiant altar of Vehumet.
  9993 | D:8      | XOM: polymorph orc -> bat
 10004 | D:8      | Reached skill level 9 in Axes
 10081 | D:8      | XOM: give mutations
 10081 | D:8      | Lost mutation: You are dopey. (Int -2) [Xom's mischief]
 10081 | D:8      | Lost mutation: You are somewhat resistant to further
                  | mutation. [Xom's mischief]
 10311 | D:8      | XOM: give mutations
 10311 | D:8      | Gained mutation: You have an increased reservoir of magic.
                  | (+10% MP) [Xom's grace]
 10311 | D:8      | Gained mutation: You passively map a small area around you.
                  | [Xom's grace]
 10405 | D:8      | XOM: polymorph smoke demon -> sixfirhy
 10845 | D:4      | Bought a runed kite shield for 135 gold pieces
 10961 | D:7      | XOM: divination: magic mapping
 11338 | D:9      | Reached skill level 1 in Shields
 11427 | D:9      | XOM: scenery: 1 doors open, 1 doors close
 11442 | D:9      | XOM: polymorph killer bee -> shapeshifter
 11486 | D:9      | XOM: destruction
 11490 | D:9      | XOM: smoke on damage
 11531 | D:9      | Noticed a boulder beetle
 11590 | D:8      | XOM: cloud trail
 11869 | D:9      | Reached skill level 5 in Translocations
 11875 | D:9      | XOM: scenery: 1 doors close
 11965 | D:9      | XOM: silly message
 12025 | D:9      | XOM: 3-stop teleportation journey
 12059 | D:9      | XOM: 1-stop teleportation journey
 12244 | D:9      | XOM: give mutations
 12244 | D:9      | Gained mutation: You have a pair of antennae on your head.
                  | [Xom's mischief]
 12244 | D:9      | Gained mutation: You expend magic power (3 MP) to
                  | strengthen your wands. [Xom's mischief]
 12244 | D:9      | Gained mutation: You have sharp toenails. [Xom's mischief]
 12244 | D:9      | Lost mutation: You have an increased reservoir of magic.
                  | (+10% MP) [Xom's mischief]
 12287 | D:9      | XOM: give mutations
 12287 | D:9      | Lost mutation: You have a pair of antennae on your head.
                  | [Xom's mischief]
 12287 | D:9      | Gained mutation: You are dopey. (Int -2) [Xom's mischief]
 12287 | D:9      | Gained mutation: You are robust. (+10% HP) [Xom's mischief]
 12310 | D:9      | XOM: stat loss: -1 Dex (12/13)
 12658 | D:9      | Noticed Joseph
 12780 | D:10     | Entered Level 10 of the Dungeon
 13615 | D:10     | Noticed a two-headed ogre
 13644 | D:10     | Noticed a two-headed ogre
 13657 | D:10     | XOM: enchant monster (bad)
 13700 | D:10     | XOM: give mutations
 13700 | D:10     | Gained mutation: Your skin changes colour to match your
                  | surroundings (Stealth+). [Xom's mischief]
 13700 | D:10     | Gained mutation: You sometimes lose the ability to drink
                  | potions when taking damage. [Xom's mischief]
 13700 | D:10     | Lost mutation: You are robust. (+10% HP) [Xom's mischief]
 13725 | D:10     | XOM is BORED!
 13725 | D:10     | XOM: give mutations
 13725 | D:10     | Lost mutation: You are dopey. (Int -2) [Xom's mischief]
 13725 | D:10     | Gained mutation: You passively dampen the noise of your
                  | surroundings. [Xom's mischief]
 13725 | D:10     | Gained mutation: Your magical capacity is low. (-10% MP)
                  | [Xom's mischief]
 13728 | D:10     | XOM: give mutation
 13728 | D:10     | Gained mutation: You are agile. (Dex +4, Str/Int -1) [Xom's
                  | grace]
 13787 | D:10     | XOM: confuse monster(s)
 13886 | D:10     | Found a staircase to the Orcish Mines.
 14168 | D:10     | XOM: god gift: scarf of harm
 14180 | D:11     | XOM: fog
 14194 | D:11     | XOM: 1-stop teleportation journey
 14197 | D:11     | Noticed a manticore
 14247 | D:10     | XOM: cleaving
 14371 | D:11     | XOM: polymorph black bear -> basilisk
 14387 | D:11     | XOM: smoke on damage
 14393 | D:11     | XOM: summons 3 friendly demons
 14395 | D:11     | Noticed a manticore
 14397 | D:11     | XOM: 1-stop teleportation journey
 14718 | D:11     | Reached XP level 11. HP: 86/86 MP: 12/12
 14724 | D:11     | Found Neclory's Jewellery Shop.
 14746 | D:11     | Bought a ring of see invisible for 150 gold pieces
 14757 | D:11     | Reached skill level 10 in Axes
 14870 | D:11     | XOM: polymorph hell beast -> hellion
 14929 | D:11     | XOM: scenery: create altars
 14984 | D:11     | XOM: potion effect (invisibility)
 15086 | D:11     | Found a staircase to the Lair.
 15093 | D:11     | XOM: repel stairs
 15487 | D:11     | XOM: silly message
 15550 | D:11     | XOM: give mutations
 15550 | D:11     | Lost mutation: Armour fits poorly on your strangely shaped
                  | body. [Xom's mischief]
 15550 | D:11     | Gained mutation: You passively map the area around you.
                  | [Xom's mischief]
 15550 | D:11     | Gained mutation: You are strong-willed. (Will+) [Xom's
                  | mischief]
 15550 | D:11     | Lost mutation: You sometimes lose the ability to drink
                  | potions when taking damage. [Xom's mischief]
 15553 | D:11     | Reached skill level 11 in Axes
 15583 | D:11     | XOM: scenery: summon butterflies
 15846 | D:11     | Noticed Erica
 15866 | D:11     | XOM: confuse monster(s)
 15938 | D:10     | XOM: silly message
 15959 | Orc:1    | Entered Level 1 of the Orcish Mines
 16018 | Orc:2    | Entered Level 2 of the Orcish Mines
 16020 | Orc:2    | Noticed an orc knight
 16162 | Orc:1    | XOM: cast spell 'Cause Fear'
 16269 | Orc:1    | XOM: cloud trail
 16392 | Orc:1    | Found Etoidef's Assorted Antiques.
 16399 | Orc:1    | Noticed an orc sorcerer
 16400 | Orc:1    | Bought a shimmering brass ring for 145 gold pieces
 16400 | Orc:1    | Identified the ring "Ygromeff" {Fire rPois Stlth+} (You
                  | bought it in a shop on level 1 of the Orcish Mines)
 16559 | Orc:1    | XOM: cloud trail
 16655 | Orc:2    | Found Okeim's Jewellery Shop.
 16665 | Orc:1    | XOM: divination: magic mapping
 16768 | Orc:2    | Noticed a two-headed ogre
 16860 | Orc:2    | XOM: god gift: potion of ambrosia
 16939 | Orc:2    | Noticed an orc sorcerer
 16940 | Orc:2    | Found a staircase to the Elven Halls.
 16942 | Orc:2    | XOM: enchant monster (good)
 16993 | Lair:1   | Entered Level 1 of the Lair of Beasts
 17053 | Lair:1   | XOM: cast spell 'Olgreb's Toxic Radiance'
 17064 | Lair:1   | Reached skill level 12 in Axes
 17070 | Lair:1   | Identified the +1 whip of Destruction {vamp, rF+}
 17285 | Lair:1   | XOM: confuse monster(s)
 17292 | Lair:1   | Reached skill level 5 in Dodging
 17461 | Lair:1   | Learned a level 1 spell: Apportation
 18245 | Lair:2   | XOM: destruction
 18482 | Lair:2   | XOM is BORED!
 18482 | Lair:2   | XOM: give mutations
 18482 | Lair:2   | Lost mutation: You occasionally lose the ability to drink
                  | potions when taking damage. [Xom's mischief]
 18482 | Lair:2   | Lost mutation: You are agile. (Dex +4, Str/Int -1) [Xom's
                  | mischief]
 18486 | Lair:2   | XOM: scenery: 3 doors open
 18543 | Lair:2   | Identified the +2 leather armour of Gluttony {Str+3 Stlth+}
 18707 | Lair:2   | Found a frozen archway.
 18711 | Lair:2   | XOM: polymorph ice devil -> orange demon
 18717 | Lair:2   | Reached XP level 12. HP: 39/94 MP: 13/13
 18733 | Lair:2   | XOM: scenery: 1 doors open, 1 doors close
 18820 | IceCv    | Entered an ice cave
 18820 | IceCv    | XOM: cleaving
 19082 | Lair:2   | XOM: silly message
 19274 | Lair:2   | XOM: polymorph sixfirhy -> sun demon
 19326 | Lair:2   | XOM: god gift: 29 gold pieces
 19467 | Lair:2   | XOM: stat loss: -1 Dex (12/13)
 19484 | Lair:2   | XOM: give mutation
 19484 | Lair:2   | Lost mutation: Your magical capacity is low. (-10% MP)
                  | [Xom's mischief]
 19904 | Lair:2   | Found a hole to the Spider Nest.
 19968 | Lair:2   | XOM: silly message
 20248 | Lair:2   | XOM: summons 2 hostile demons
 20256 | Lair:2   | XOM: divination: detect creatures
 20524 | Lair:3   | Found a staircase to the Shoals.
 20565 | Lair:3   | XOM: smoke on damage
 20706 | Lair:3   | XOM: swap monsters
 20948 | Lair:3   | XOM: give mutations
 20948 | Lair:3   | Lost mutation: Your skin changes colour to match your
                  | surroundings (Stealth+). [Xom's mischief]
 20948 | Lair:3   | Lost mutation: You are strong-willed. (Will+) [Xom's
                  | mischief]
 20948 | Lair:3   | Gained mutation: Your body sometimes deteriorates upon
                  | taking damage. [Xom's mischief]
 20948 | Lair:3   | Gained mutation: Your flesh is cold resistant. (rC+) [Xom's
                  | mischief]
 21301 | Lair:3   | XOM is BORED!
 21301 | Lair:3   | XOM: torment (49/96 hp)
 21646 | Lair:4   | XOM: swap monsters
 21775 | Lair:4   | XOM: give mutations
 21775 | Lair:4   | Lost mutation: Your flesh is cold resistant. (rC+) [Xom's
                  | mischief]
 21775 | Lair:4   | Gained mutation: You possess an exceptional clarity of
                  | mind. [Xom's mischief]
 21820 | Lair:4   | Noticed a five-headed hydra
 21836 | Lair:4   | XOM: blink monster(s)
 21837 | Lair:4   | Noticed a boulder beetle
 21843 | Lair:4   | XOM: summons 2 hostile shadow creatures
 21930 | Lair:4   | Found a viscous altar of Jiyva.
 21930 | Lair:4   | Found a staircase to the Slime Pits.
 21975 | Lair:4   | Noticed a seven-headed hydra
 21984 | Lair:4   | Killed a four-headed hydra
 22083 | Lair:4   | XOM: stat loss: -1 Str (18/19)
 22146 | Lair:4   | XOM: blink monster(s)
 22158 | Lair:4   | XOM: summons 12 friendly demons
 22162 | Lair:4   | Killed a boulder beetle
 22328 | Lair:4   | XOM: 7-stop teleportation journey
 22374 | Lair:3   | Noticed a catoblepas
 22385 | Lair:3   | Reached skill level 13 in Axes
 22446 | Lair:3   | XOM: smoke on damage
 22453 | Lair:3   | Killed a catoblepas
 22644 | Lair:3   | XOM: give mutations
 22644 | Lair:3   | Lost mutation: Your body sometimes deteriorates upon taking
                  | damage. [Xom's mischief]
 22644 | Lair:3   | Lost mutation: You have sharp toenails. [Xom's mischief]
 22792 | Lair:4   | Noticed a five-headed hydra
 22806 | Lair:4   | Killed a one-headed hydra
 22807 | Lair:4   | Reached skill level 10 in Fighting
 22925 | Lair:4   | XOM: give mutation
 22925 | Lair:4   | Gained mutation: Your skin changes colour to match your
                  | surroundings (Stealth+). [Xom's mischief]
 22983 | Lair:4   | Noticed Nessos
 22988 | Lair:4   | XOM: chaos cloud
 22992 | Lair:4   | Gained mutation: You have a pair of antennae on your head.
                  | [demonic ancestry]
 22992 | Lair:4   | Reached XP level 13. HP: 101/103 MP: 16/16
 22995 | Lair:4   | Paralysed by you for 3 turns
 23001 | Lair:4   | Killed Nessos
 23016 | Lair:4   | XOM: scenery: summon butterflies
 23018 | Lair:4   | XOM: polymorph butterfly -> adder
 23019 | Lair:4   | XOM: polymorph adder -> jelly
 23290 | Lair:4   | XOM: give mutations
 23290 | Lair:4   | Gained mutation: Your mind is acute. (Int +4, Str/Dex -1)
                  | [Xom's grace]
 23290 | Lair:4   | Gained mutation: You have a pair of large antennae on your
                  | head. (SInv) [Xom's grace]
 23290 | Lair:4   | Gained mutation: Your system is resistant to poisons.
                  | (rPois) [Xom's grace]
 23333 | Lair:4   | XOM: divination: magic mapping
 23364 | Lair:4   | Reached skill level 5 in Shields
 23498 | Lair:4   | XOM: scenery: summon butterflies
 23673 | Lair:5   | Entered Level 5 of the Lair of Beasts
 23675 | Lair:5   | XOM: give mutation
 23675 | Lair:5   | Gained mutation: You have hidden genetic potential. [Xom's
                  | mischief]
 23787 | Lair:4   | XOM: noise
 23840 | Lair:5   | XOM: swap monsters
 24020 | Lair:5   | XOM: 1-stop teleportation journey
 24286 | Lair:5   | XOM: silly message
 24487 | Lair:5   | XOM: noise
 24489 | Lair:5   | XOM: cast spell 'Leda's Liquefaction'
 24655 | Lair:5   | XOM: cast spell 'Olgreb's Toxic Radiance'
 24667 | Lair:5   | XOM: give mutations
 24667 | Lair:5   | Gained mutation: You are agile. (Dex +4, Str/Int -1) [Xom's
                  | grace]
 24667 | Lair:5   | Gained mutation: Your natural rate of healing is unusually
                  | fast. [Xom's grace]
 24671 | Lair:5   | XOM: smoke on damage
 24973 | Lair:5   | XOM: blink monster(s)
 25166 | Lair:5   | XOM: polymorph yak -> yaktaur
 25197 | Lair:5   | XOM: silly message
 25265 | Lair:5   | XOM: noise
 25275 | Lair:5   | XOM: polymorph three-headed hydra -> jorogumo
 25291 | Lair:5   | Reached skill level 14 in Axes
 25376 | Lair:5   | XOM: confuse monster(s)
 25470 | Lair:5   | XOM: summons friendly shadow imp
 25480 | Lair:5   | XOM: cast spell 'Summon Mana Viper'
 25482 | Lair:5   | XOM: silly message
 25504 | Lair:4   | XOM: cast spell 'Summon Mana Viper'
 25850 | Lair:5   | XOM: noise
 25973 | Lair:5   | XOM: summons 1 hostile shadow creature
 25986 | Lair:5   | Reached XP level 14. HP: 108/110 MP: 17/17
 26259 | Lair:5   | XOM: cleaving
 26396 | Lair:5   | Gained mutation: Your mind is very acute. (Int +8, Str/Dex
                  | -2) [hidden potential]
 26741 | Lair:5   | XOM: summons 8 hostile demons
 26956 | Lair:2   | XOM: noise
 27028 | D:11     | Erica changed into Erica the glowing orange brain
 27028 | D:11     | Noticed Erica
 27028 | D:11     | XOM: polymorph Erica -> Erica the glowing orange brain
 27033 | D:11     | Killed Erica the glowing orange brain
 27309 | Orc:2    | XOM: blink monster(s)
 27332 | Orc:2    | Bought the ring "Fawepor" {rElec Will+++ rCorr Int-2 Dex+6}
                  | for 873 gold pieces
 27396 | Orc:2    | XOM: polymorph troll -> yaktaur
 27514 | Orc:2    | XOM: scenery: summon butterflies
 27588 | Orc:2    | XOM: enchant monster (good)
 27591 | Orc:2    | XOM: confuse monster(s)
 28126 | Orc:2    | XOM: smoke on damage
 28172 | Orc:2    | Found Foetaaz's General Store.
 28172 | Orc:2    | Found Herudet's Jewellery Boutique.
 28172 | Orc:2    | Found Vietiej's Book Emporium.
 28172 | Orc:2    | Found Rastrov's Armour Boutique.
 28172 | Orc:2    | XOM: swap monsters
 28173 | Orc:2    | XOM: noise
 28175 | Orc:2    | XOM: summons 14 friendly demons
 28300 | D:10     | XOM: scenery: create altars
 28308 | D:10     | Reached skill level 10 in Evocations
 28418 | D:12     | XOM: divination: detect creatures
 28438 | D:12     | Reached skill level 15 in Axes
 28850 | D:12     | XOM: summons friendly white imp
 28853 | D:12     | Noticed Urug
 28865 | D:12     | XOM: summons friendly quasit
 28884 | D:12     | XOM: give mutations
 28884 | D:12     | Lost mutation: Your mind is very acute. (Int +8, Str/Dex
                  | -2) [Xom's mischief]
 28884 | D:12     | Lost mutation: Your system is resistant to poisons. (rPois)
                  | [Xom's mischief]
 28884 | D:12     | Lost mutation: You have a pair of large antennae on your
                  | head. (SInv) [Xom's mischief]
 28925 | D:12     | Killed Urug
 28944 | D:12     | XOM: scenery: create altars
 29207 | D:12     | XOM: divination: magic mapping
 29449 | D:13     | XOM: confuse monster(s)
 29514 | D:13     | XOM: give mutations
 29514 | D:13     | Gained mutation: You have a somewhat thin skeletal
                  | structure. (Dex +2, Stealth+) [Xom's grace]
 29514 | D:13     | Gained mutation: You are very agile. (Dex +8, Str/Int -2)
                  | [Xom's grace]
 29583 | D:13     | XOM: divination: magic mapping
 29786 | D:13     | Noticed Erolcha
 29795 | D:13     | Killed Erolcha
 29880 | D:13     | Noticed Lodul
 29917 | D:13     | XOM: divination: magic mapping
 29922 | D:13     | Killed Lodul
 29928 | D:13     | XOM: summons friendly quasit
 30066 | D:14     | Found an opulent altar of Gozag.
 30189 | D:14     | Reached skill level 10 in Shields
 30200 | D:14     | Found Yliec Hamint's Assorted Antiques.
 30283 | D:14     | Gained mutation: Spells you cast may paralyse adjacent
                  | enemies. [demonic ancestry]
 30283 | D:14     | Reached XP level 15. HP: 88/115 MP: 18/18
 30463 | D:14     | Noticed Agnes
 30529 | D:14     | Found a gate to the Vaults.
 30543 | D:14     | Gained mutation: Your muscles are strong. (Str +4, Int/Dex
                  | -1) [hidden potential]
 30543 | D:14     | Lost mutation: You have hidden genetic potential. [hidden
                  | potential expressed]
 30560 | D:14     | Reached skill level 16 in Axes
 30607 | D:14     | XOM: cast spell 'Metabolic Englaciation'
 30693 | D:14     | XOM: destruction
 30695 | D:14     | XOM: summons friendly iron imp
 30803 | D:14     | XOM: 1-stop teleportation journey
 30810 | D:14     | XOM: summons friendly shadow imp
 30817 | D:14     | XOM: divination: magic mapping
 30851 | D:14     | XOM: cloud trail
 31028 | D:15     | Entered Level 15 of the Dungeon
 31141 | D:14     | XOM: summons 8 hostile demons
 31210 | D:15     | Found Qeamea Hont's Antique Weapon Shoppe.
 31357 | D:15     | XOM: stat loss: -1 Int (13/14)
 31388 | D:15     | Found a staircase to the Depths.
 31407 | D:15     | XOM: smoke on damage
 31867 | D:15     | XOM: give mutations
 31867 | D:15     | Lost mutation: You possess an exceptional clarity of mind.
                  | [Xom's mischief]
 31867 | D:15     | Gained mutation: You are frail. (-10% HP) [Xom's mischief]
 32023 | Shoals:1 | Entered Level 1 of the Shoals
 32038 | Shoals:1 | Reached skill level 17 in Axes
 32114 | Shoals:1 | XOM: 3-stop teleportation journey
 32160 | Shoals:1 | XOM: enchant monster (bad)
 32219 | Shoals:1 | XOM: cloud trail
 32240 | Shoals:1 | XOM: confuse monster(s)
 32261 | Shoals:1 | XOM: divination: detect creatures
 32274 | Shoals:1 | XOM: summons friendly crimson imp
 32502 | Shoals:1 | XOM: divine lightning
 32526 | Shoals:1 | XOM: confuse monster(s)
 32637 | Shoals:1 | XOM: 8-stop teleportation journey
 32643 | Shoals:1 | XOM: potion effect (might)
 32650 | Shoals:1 | XOM: divination: magic mapping
 33110 | Shoals:1 | XOM: 2-stop teleportation journey
 33198 | Shoals:1 | XOM: noise
 33232 | Shoals:1 | XOM: divination: detect creatures
 33358 | Shoals:1 | XOM: enchant monster (good)
 33540 | Shoals:1 | XOM: polymorph manticore -> swamp worm
 33604 | Shoals:2 | Noticed Kirke
 33619 | Shoals:1 | XOM: polymorph hog -> cane toad
 33633 | Shoals:1 | Killed Kirke
 33658 | Shoals:2 | XOM: stat loss: -1 Dex (26/27)
 33726 | Shoals:2 | XOM: divination: detect creatures
 33786 | Shoals:2 | Reached XP level 16. HP: 112/112 MP: 19/19
 33805 | Shoals:2 | Noticed Ilsuiw
 33812 | Shoals:2 | XOM: scenery: summon butterflies
 33820 | Shoals:2 | Killed Ilsuiw
 34062 | Shoals:2 | Noticed Frances
 34066 | Shoals:2 | XOM: give mutations
 34066 | Shoals:2 | Gained mutation: Your body sometimes deteriorates upon
                  | taking damage. [Xom's mischief]
 34066 | Shoals:2 | Lost mutation: You have a somewhat thin skeletal structure.
                  | (Dex +2, Stealth+) [Xom's mischief]
 34080 | Shoals:2 | Killed Frances
 34081 | Shoals:2 | XOM: divination: magic mapping
 34594 | Shoals:3 | XOM: cleaving
 34782 | Shoals:3 | Found a transporter.
 34846 | Shoals:3 | XOM: confuse monster(s)
 34872 | Shoals:3 | XOM: cast spell 'Summon Horrible Things'
 34872 | Shoals:3 | XOM: butterfly on damage
 34989 | Shoals:3 | XOM: confuse monster(s)
 34997 | Shoals:3 | Identified the +3 long sword "Ucwehuimamm" {heavy, Int+2}
 35083 | Shoals:3 | XOM: summons friendly ufetubus
 35089 | Shoals:3 | Found a transporter.
 35192 | Shoals:3 | XOM: god gift: 3 stones
 35302 | Shoals:3 | XOM: confuse monster(s)
 35309 | Shoals:3 | XOM: 7-stop teleportation journey
 35358 | Shoals:3 | XOM: draining
 35414 | Shoals:3 | Slain by an alligator snapping turtle

Illustrated notes

Levels and vault maps discovered:
D:1:      psy_arrival_fountain, layout_loops_ring, minivault_14
D:2:      layout_basic
D:3:      layout_rooms, mainiacjoe_overflow_catwalk, uniq_jessica, uniq_terence
D:4:      layout_loops_ring, tgw_sif, minmay_temple_entry_junction,
          minmay_shop_grid_forest
D:5:      layout_cave_pools, zin_statuary, general_overflow_altar,
          mainiacjoe_overflow_cross_hatched, serial_gnoll_camp,
          gnoll_camp_mini_doghouse, gnoll_camp_mini_doghouse,
          gnoll_camp_huts_moat, gnoll_camp_mini_hut, minmay_bent
D:6:      layout_cave_pods, portal_sewer_entry_b
D:7:      layout_gridville, nicolae_overflow_hidden_temple,
          uniq_crazy_yiuf_cottage
D:8:      layout_basic, amcnicky_altar_gilded, nicolae_vehumet_radiance
D:9:      layout_stronghold, uniq_joseph
D:10:     layout_basic, zombieorc2_lemuel
D:11:     layout_long_grid, due_lair_maze_entry_diamond, serial_shops,
          nicolae_shop_just_a_little_nook, uniq_erica
D:12:     layout_gridville, uniq_urug
D:13:     layout_irregular_city, minmay_sticks_and_stones, uniq_erolcha,
          uniq_lodul
D:14:     layout_rooms, hangedman_vaults_entry_quadrant_bands, serial_shops,
          nicolae_shop_stone, nicolae_gozag_seed_capital, minivault_12,
          uniq_agnes
D:15:     gammafunk_depths_entry_grave, layout_irregular_city,
          nicolae_tso_carved_into_rock, serial_shops, nicolae_square_shop
Temple:   cyrus_circular_temple
Lair:1:   layout_gridlike, serial_bayou_pond_a
Lair:2:   layout_roguey, spider_nest_entry_web_field,
          portal_ice_cave_demonic_guard, serial_bayou_shore_b, lemuel_fruit_tree
Lair:3:   beast_lair_carwin_large_2, layout_big_grid,
          minmay_shoals_entry_beasts, kennysheep_catoblepas_arena
Lair:4:   layout_cave_pods, slime_entry_1, gauntlet_entry_generic, uniq_nessos
Lair:5:   evilmike_catoblepas_cave, layout_cave_pods, grunt_megastairs_3
Shoals:1: layout_shoals
Shoals:2: layout_shoals, uniq_kirke, uniq_frances, uniq_ilsuiw
Shoals:3: gammafunk_sealed_arena, layout_shoals, nicolae_shoals_gull_way
Orc:1:    layout_caves, serial_shops, nicolae_shop_advertising_works
          [nicolae_subvault_shop_adworks]
Orc:2:    grunt_orc_tribal_feast, layout_caves, minmay_shop_enchanted_jewellery

Skill      XL: |  1  2  3  4  5  6  7  8  9 10 11 12 13 14 15 16 |
---------------+-------------------------------------------------+-----
Dodging        | 1 2 3 4 5 7 9 |  9.0
Armour         | 2 3 |  3.0
Axes           | 3 6 8 9 12 13 14 15 17 | 17.9
Stealth        | 1 2 3 |  3.0
Fighting       | 4 5 6 7 8 10 11 12 | 12.0
Evocations     | 1 2 4 5 6 7 8 10 | 10.3
Spellcasting   | 1 2 |  2.0
Translocations | 4 6 |  6.0
Shields        | 2 4 7 10 11 | 11.3

Action                     |  1- 3 |  4- 6 |  7- 9 | 10-12 | 13-15 | 16-18 || total
---------------------------+-------+-------+-------+-------+-------+-------++-------
  Melee: Hand axe          |    65 |       |       |       |       |       ||    65
         Dagger            |    72 |   212 |    57 |       |       |       ||   341
         Punch             |     1 |     4 |     7 |       |       |       ||    12
         War axe           |       |       |   400 |   501 |  1504 |   187 ||  2592
         Battleaxe         |       |       |       |   290 |       |       ||   290
  Throw: Stone             |       |       |       |     2 |       |       ||     2
   Cast: Blink             |       |       |       |     1 |     1 |       ||     2
  Evoke: Piece from Xom's  |       |     2 |     3 |     5 |     1 |       ||    11
         Wand              |       |       |       |     9 |     5 |    10 ||    24
         Phantom mirror    |       |       |       |       |     1 |     1 ||     2
         Box of beasts     |       |       |       |       |     1 |     1 ||     2
         Phial of floods   |       |       |       |       |     1 |       ||     1
    Use: Scroll            |       |     7 |    10 |    10 |    10 |     3 ||    40
         Potion            |       |     1 |     3 |     1 |       |     3 ||     8
   Stab: Sleeping          |     5 |    16 |    16 |    26 |    33 |     5 ||   101
         Paralysed         |       |     4 |       |     2 |       |       ||     6
         Confused          |       |       |     3 |     5 |     6 |     2 ||    16
         Distracted        |       |       |     2 |     5 |    13 |     1 ||    21
         Invisible         |       |       |       |     2 |       |     3 ||     5
         Petrified         |       |       |       |       |     4 |       ||     4
 Armour: Leather armour    |    37 |    74 |   175 |   255 |   159 |    15 ||   715
         Skin              |       |       |    31 |       |       |       ||    31
  Dodge: Dodged            |    55 |   116 |   382 |   456 |   755 |   109 ||  1873
  Block: Kite shield       |       |       |       |   370 |  1146 |   167 ||  1683
         Other             |       |       |       |    63 |       |       ||    63
         Reflection        |       |       |       |     6 |    43 |     6 ||    55
